 Dungeon Crawl Stone Soup version 0.18.1-50-g88ac8fd (webtiles) character file.

139 kurovuster the Covert (level 5, -2/26 HPs)
             Began as a Spriggan Assassin on Oct 21, 2016.
             Slain by a gnoll
             ... wielding a +0 whip
              (6 damage)
             ... on level 3 of the Dungeon.
             The game lasted 00:23:50 (2932 turns).

kurovuster the Covert (Spriggan Assassin)           Turns: 2932, Time: 00:23:52

Health: -2/26      AC:  3    Str:  7    XL:     5   Next: 1%
Magic:  6/6        EV: 19    Int: 12    God:
Gold:   150        SH:  0    Dex: 19    Spells: 2 memorised, 1 level left

rFire  . . .     SeeInvis +     o - +0 dagger (pain)
rCold  . . .     Gourm    .     c - +0 robe
rNeg   . . .     Faith    .     (shield restricted)
rPois  .         Spirit   .     (helmet restricted)
rElec  .         Dismiss  .     d - +0 cloak
rCorr  .         Reflect  .     (gloves unavailable)
SustAt .         Harm     .     (boots unavailable)
MR     .....                    r - amulet of magic regeneration
Stlth  +++++.....               (no ring)
                                (no ring)

@: very quick, not resistant to hostile enchantments, quite stealthy
A: unfitting armour, see invisible, herbivore 3, speed 3, slow metabolism 2
a: no special abilities


You were on level 3 of the Dungeon.
You were not hungry.

You visited 1 branch of the dungeon, and saw 4 of its levels.

You collected 150 gold pieces.

Inventory:

Hand Weapons
 a - a +2 dagger
 b - a +0 blowgun
 o - a +0 dagger of pain (weapon)
Missiles
 e - 8 poisoned needles
 f - 2 curare-tipped needles
Armour
 c - a +0 robe (worn)
 d - a +0 cloak (worn)
 i - a +0 cloak
Jewellery
 m - an uncursed ring of wizardry {unknown}
 n - an uncursed amulet of dismissal {unknown}
 r - an amulet of magic regeneration (around neck)
Potions
 k - 2 potions of mutation
 l - a potion of might
 q - 3 potions of curing {unknown}
Books
 p - a book of Callings

   Spells                             Type                      Level
   a - Summon Small Mammal            Summoning                    1
   b - Call Imp                       Summoning                    2
   c - Call Canine Familiar           Summoning                    3
   d - Summon Guardian Golem          Hexes/Summoning              3
   e - Summon Lightning Spire         Summoning/Air                4
   f - Summon Ice Beast               Ice/Summoning                4
Comestibles
 g - 2 bread rations
 j - a meat ration


   Skills:
 + Level 2.2 Fighting
 + Level 2.5 Short Blades
 + Level 2.1 Throwing
 + Level 3.6 Dodging
 + Level 8.0 Stealth


You had one spell level left.
You knew the following spells:

 Your Spells              Type           Power        Failure   Level  Hunger
a - Summon Small Mammal   Summ           #...         34%         1    ##.....
b - Call Imp              Summ           #.......     52%         2    ###....


Dungeon Overview and Level Annotations

Branches:
Dungeon (4/15)
 Temple: D:4-7

Altars:
Nemelex Xobeh
Pakellas
Ru
Sif Muna


Innate Abilities, Weirdness & Mutations

You are tiny and cannot use many weapons and most armour.
You have supernaturally acute eyesight.
You are a herbivore.
You cover ground extremely quickly.
You need consume almost no food.


Message History

The gnoll hits you but does no damage.
You hit the gnoll.
The gnoll is moderately wounded.
The gnoll hits you from afar with a halberd.
The gnoll hits you.
* * * LOW HITPOINT WARNING * * *
You hit the gnoll.
The gnoll is moderately wounded.
The gnoll misses you.
You barely miss the gnoll.
The gnoll is moderately wounded.
The gnoll hits you.
* * * LOW HITPOINT WARNING * * *
There is a stone staircase leading up here.
You can't go down here!
You climb upwards.
The gnoll closely misses you.
The orc shouts!
There is a stone staircase leading down here.
The gnoll hits you with a whip.
You die...

#..............#
#.#####.########
#.##......#....#
#.##.##.....##.#
#.##.........#.#
#.#######....#.# . #.#
#.o.....#.######..
#.####>g.....o...og.)..
#...<#@##..#.#.######..
######.##.##.#.# #..
#.##....#'#### #..
####'######.....# #..
#...............###..
#........##..........
#........#######.....
########## #.....
#.....


You could see a gnoll and 2 orcs.

Vanquished Creatures
  An orc wizard (D:2)
  A worker ant (D:4)
  3 gnolls
  2 adders (D:2)
  An adder skeleton (D:4)
  A dart slug (D:1)
  2 giant geckos (D:1)
  An orc (D:4)
  2 giant cockroaches (D:1)
  6 goblins
  2 hobgoblins (D:1)
  A quokka (D:4)
  2 ball pythons
  2 bats
  A giant gecko skeleton (D:4)
  2 giant newts
  3 kobolds
  6 rats
39 creatures vanquished.

Notes
Turn   | Place    | Note
--------------------------------------------------------------
     0 | D:1      | kurovuster the Spriggan Assassin began the quest for the Orb.
     0 | D:1      | Reached XP level 1. HP: 10/10 MP: 2/2
   105 | D:1      | Reached skill level 6 in Stealth
   300 | D:1      | Reached XP level 2. HP: 12/15 MP: 3/3
  1179 | D:2      | Found a sacrificial altar of Ru.
  1215 | D:2      | Reached skill level 7 in Stealth
  1215 | D:2      | Reached XP level 3. HP: 10/18 MP: 4/4
  1300 | D:2      | Reached XP level 4. HP: 7/23 MP: 5/5
  1528 | D:2      | Found an oddly glowing altar of Pakellas.
  1535 | D:2      | Found a deep blue altar of Sif Muna.
  1848 | D:2      | Learned a level 1 spell: Summon Small Mammal
  1954 | D:3      | Found a faded altar to an unknown god.
  2065 | D:3      | HP: 1/23 [gnoll/whip (1)]
  2100 | D:4      | Learned a level 2 spell: Call Imp
  2580 | D:4      | Found a sparkling altar of Nemelex Xobeh.
  2633 | D:4      | Reached skill level 8 in Stealth
  2633 | D:4      | Reached XP level 5. HP: 15/26 MP: 6/6
  2932 | D:3      | Slain by a gnoll

Skill      XL: |  1  2  3  4 |
---------------+-------------+-----
Stealth        | 6 7 8 |  8.0
Dodging        | 2 3 |  3.6
Fighting       | 2 |  2.2
Short Blades   | |  2.5
Throwing       | |  2.1

Action                   |  1- 3 |  4- 6 || total
-------------------------+-------+-------++-------
Melee: Dagger            |    77 |    68 ||   145
       Blowgun           |     3 |       ||     3
  Use: Scroll            |     2 |     5 ||     7
 Stab: Sleeping          |     5 |     6 ||    11
       Distracted        |     1 |       ||     1
       Paralysed         |     1 |       ||     1
Armor: Robe              |    12 |     4 ||    16
Dodge: Dodged            |    55 |    57 ||   112
